 Seeded DCSS version 0.30-a0-465-g8901f6c8b5 (webtiles) character file.

Game seed: 17409462723194563177 (custom seed)

9555 purpskrrrp the Brawler (level 11, -14/169 HPs)
             Began as a Troll Fighter on Dec 17, 2022.
             Was the Champion of Cheibriados.
             Demolished by an ogre
             ... wielding a +0 giant spiked club
             ... led by Lodul
              (23 damage)
             ... on level 10 of the Dungeon.
             The game lasted 00:17:47 (8475 turns).

purpskrrrp the Brawler (Troll Fighter)              Turns: 8475, Time: 00:17:47

Health: -14/169    AC:  8    Str: 45    XL:     11   Next: 24%
Magic:  15/15      EV:  9    Int: 16    God:    Cheibriados [******]
Gold:   649        SH: 13    Dex: 24    Spells: 10/10 levels left

rFire   . . .      SeeInvis +      - Unarmed
rCold   + . .      Faith    .    b - +3 kite shield
rNeg    . . .      Spirit   .    H - +0 troll leather armour
rPois   .          Reflect  .    y - +2 hat
rElec   .          Harm     .    (no cloak)
rCorr   .          Rampage  .    (gloves unavailable)
Will    ++...      Rage     50%  (boots unavailable)
Stlth   ..........               C - necklace of Bloodlust {*Rage Will++ Int-3 Slay+6}
HPRegen 2.08/turn                c - ring of see invisible
MPRegen 0.14/turn                d - ring of protection from cold

@: berserking, very slow
A: large, unfitting armour, claws 3, regeneration 1, shaggy fur 1, tough skin 1
a: Renounce Religion, Bend Time, Temporal Distortion, Slouch, Step From Time


You were on level 10 of the Dungeon.
You worshipped Cheibriados.
Cheibriados was exalted by your worship.
You visited 1 branch of the dungeon, and saw 10 of its levels.

You collected 649 gold pieces.

Inventory:

Missiles
 x - 3 silver javelins
 I - 2 throwing nets
Armour
 a - a +0 robe
 b - a +3 kite shield (worn)
 y - a +2 hat (worn)
 H - a +0 troll leather armour (worn)
Jewellery
 c - a ring of see invisible (left claw)
 d - a ring of protection from cold (right claw)
 n - a ring of fire
 t - an amulet of guardian spirit
 A - a ring of protection from cold
 C - the necklace of Bloodlust (around neck) {*Rage Will++ Int-3 Slay+6}
   (You found it on level 8 of the Dungeon)

   [amulet of nothing]

   It extends the wearer's berserk rage when killing foes.
   Int:       It affects your intelligence (-3).
   Slay:      It affects your accuracy & damage with ranged weapons and melee
   (+6).
   *Rage:     It berserks you when you make melee attacks (+50% chance).
   Will:      It greatly increases your willpower.
Wands
 h - a wand of roots (19)
 j - a wand of light (13)
 o - a wand of digging (15)
 G - a wand of flame (7)
Scrolls
 f - a scroll of noise
 g - 3 scrolls of amnesia
 i - 8 scrolls of teleportation
 k - 6 scrolls of fog
 u - 5 scrolls of identify
 v - a scroll of blinking
 B - 2 scrolls of enchant weapon
 D - a scroll of summoning
 J - a scroll of torment {unknown}
Potions
 e - a potion of resistance
 l - 2 potions of heal wounds
 m - 2 potions of might
 p - 5 potions of attraction
 q - a potion of mutation
 r - 3 potions of brilliance
 s - a potion of berserk rage
 w - 2 potions of curing
 z - 2 potions of haste
 E - 2 potions of flight
 F - a potion of lignification {unknown}


   Skills:
 + Level 8.6 Fighting
 - Level 2.4 Dodging
 - Level 2.6 Shields
 * Level 15.6 Unarmed Combat
 + Level 7.3 Invocations


You had 10 spell levels left.
You didn't know any spells.
Your spell library contained the following spells:

 Spells                   Type           Power      Damage    Failure   Level
 Shock                    Conj/Air       0%         1d3       54%         1
 Inner Flame              Hex/Fire       0%         N/A       89%         3
 Ozocubu's Armour         Ice            0%         N/A       89%         3
 Swiftness                Air            0%         N/A       89%         3
 Airstrike                Air            0%         2d(0-16)  100%        4
 Cause Fear               Hex            0%         N/A       100%        4
 Metabolic Englaciation   Hex/Ice        0%         N/A       100%        5
 Simulacrum               Ice/Necr       0%         N/A       100%        6
 Discord                  Hex            0%         N/A       100%        8


Dungeon Overview and Level Annotations

Branches:
Dungeon (10/15)            Temple (0/1) D:7            Lair (0/5) D:9
    Orc (0/2) D:10

Altars:
Cheibriados
Nemelex Xobeh
Uskayaw
Wu Jian

Shops:
D:6 (

Annotations:
D:10 Sonja


Innate Abilities, Weirdness & Mutations

You are too large for most types of armour.
You have claws for hands.
Your natural rate of healing is unusually fast.
You are covered in fur. (AC +1)
You have tough skin. (AC +1)


Message History

Unknown command.
You mangle Lodul!!
Lodul is almost dead.
The ogre hits you but does no damage.
You eviscerate Lodul!!!
The necklace of Bloodlust glows a violent red.
You kill Lodul!
Cheibriados appreciates the change of pace.
The ogre hits you with a +0 giant club!!
* * * LOW HITPOINT WARNING * * *
The ogre barely misses you.
The ogre hits you with a +0 giant spiked club.
* * * LOW HITPOINT WARNING * * *
You eviscerate the ogre!!!
You kill the ogre!
Cheibriados appreciates the change of pace.
You block the ogre's attack.
You eviscerate the ogre!!!
The necklace of Bloodlust glows a violent red.
You kill the ogre!
Cheibriados appreciates the change of pace.
You hear a shout!
You block the ogre's attack.
The ogre hits you with a +0 giant spiked club!!
* * * LOW HITPOINT WARNING * * *
You eviscerate the ogre!!!
You kill the ogre!
Cheibriados thoroughly appreciates the change of pace.
Cheibriados raises the support of your attributes as your movement slows.
The ogre hits you with a +0 giant club!
* * * LOW HITPOINT WARNING * * *
You mangle the ogre!!
The ogre is severely wounded.
You block the ogre's attack.
An orc priest comes into view. It is wielding a +0 mace.
You claw the ogre!
You kill the ogre!
Cheibriados appreciates the change of pace.
The ogre hits you with a +0 giant spiked club!!
You die...

#....#
#........#
######
#........# .
#........# ..
#........# #.o
#........# #...
#........#
#....
#........#
#...#).#######.
#...O@.?.......
#...OO)........
#..............
#..............
#####..######..
.... . .....
..#....


You could see 3 ogres and an orc priest.

Vanquished Creatures
  Lodul (D:10)
  4 molten gargoyles (D:9)
  A komodo dragon (D:9)
  Maggie (D:8)
  A troll (D:10)
  A hornet (D:9)
  Sigmund (D:6)
  3 wyverns
  A spriggan (D:7)
  2 yaks (D:9)
  2 wraiths (D:9)
  3 steam dragons
  5 water moccasins
  4 orc warriors
  A sky beast (D:8)
  3 black bears
  7 ogres
  3 centaurs
  A kobold brigand (D:10)
  A phantom (D:5)
  Blork the orc (D:4)
  8 bullfrogs
  4 gnoll sergeants
  3 scorpions
  9 wights
  3 howler monkeys
  3 hounds
  A jelly (D:6)
  6 orc priests
  2 gnoll boudas
  Jessica (D:2)
  3 iguanas
  Natasha (thrice) (D:2)
  13 orc wizards
  Ijyb (D:3)
  Robin (D:2)
  26 gnolls
  12 adders
  2 shadow imps
  3 white imps
  An ufetubus (D:5)
  2 dart slugs
  54 orcs
  6 bats
  5 endoplasms
  5 giant cockroaches
  14 goblins
  13 hobgoblins
  4 jackals (D:4)
  3 quokkas
  3 training dummies (D:6)
  8 ball pythons
  A frilled lizard (D:1)
  7 kobolds
  7 rats
284 creatures vanquished.

Vanquished Creatures (collateral kills)
  A ball python (D:4)
  A quokka (D:4)
2 creatures vanquished.

Vanquished Creatures (others)
  41 fungi
  38 plants
79 creatures vanquished.

Grand Total: 365 creatures vanquished

Notes
Turn   | Place    | Note
-------+----------+-------------------------------------------
     0 | D:1      | purpskrrrp the Troll Fighter began the quest for the Orb.
     0 | D:1      | Reached XP level 1. HP: 22/22 MP: 0/0
   234 | D:1      | Reached XP level 2. HP: 24/29 MP: 1/1
   288 | D:1      | Found a faded altar of an unknown god.
   565 | D:1      | Reached XP level 3. HP: 37/37 MP: 2/2
   675 | D:2      | Noticed Jessica
   680 | D:2      | Killed Jessica
   766 | D:2      | Reached XP level 4. HP: 40/48 MP: 3/3
   854 | D:2      | Noticed Natasha
   870 | D:2      | Killed Natasha
   900 | D:2      | Noticed Natasha
   908 | D:2      | Killed Natasha
   909 | D:2      | Reached skill level 3 in Unarmed Combat
   909 | D:2      | Reached XP level 5. HP: 45/55 MP: 4/4
  1021 | D:2      | Noticed Robin
  1054 | D:2      | HP: 2/55 [Robin/bolt of light (17)]
  1064 | D:2      | Killed Robin
  1341 | D:2      | Noticed Natasha
  1356 | D:2      | Killed Natasha
  1357 | D:2      | Reached skill level 4 in Unarmed Combat
  1563 | D:3      | Reached skill level 5 in Unarmed Combat
  1650 | D:3      | Found an ornate altar of the Wu Jian Council.
  1661 | D:3      | Noticed Ijyb
  1672 | D:3      | Killed Ijyb
  1673 | D:3      | Reached XP level 6. HP: 60/63 MP: 5/5
  1808 | D:3      | Found a snail-covered altar of Cheibriados.
  1828 | D:3      | Became a worshipper of Cheibriados the Contemplative
  1893 | D:3      | You fall into a shaft and drop 1 floor!
  1954 | D:4      | Reached skill level 6 in Unarmed Combat
  1984 | D:4      | Reached skill level 5 in Fighting
  2138 | D:4      | Reached * piety under Cheibriados
  2706 | D:3      | Reached skill level 7 in Unarmed Combat
  2706 | D:3      | Reached XP level 7. HP: 68/72 MP: 6/6
  2756 | D:4      | Reached skill level 1 in Invocations
  2875 | D:4      | Reached skill level 8 in Unarmed Combat
  2954 | D:4      | Noticed Blork the orc
  2960 | D:4      | Killed Blork the orc
  3200 | D:5      | Entered Level 5 of the Dungeon
  3480 | D:5      | Reached ** piety under Cheibriados
  3543 | D:5      | Reached skill level 9 in Unarmed Combat
  3600 | D:5      | Reached XP level 8. HP: 78/83 MP: 8/8
  3675 | D:5      | Found a sparkling altar of Nemelex Xobeh.
  3918 | D:5      | Reached skill level 10 in Unarmed Combat
  4773 | D:6      | Noticed Sigmund
  4781 | D:6      | Killed Sigmund
  4815 | D:6      | Reached skill level 11 in Unarmed Combat
  4838 | D:6      | Found a hide-covered altar of Uskayaw.
  4848 | D:6      | Identified the +0 chain mail of the Rose {+Inv}
  4869 | D:6      | Found Kyafruhin's Firing Range.
  4954 | D:6      | Reached *** piety under Cheibriados
  5555 | D:7      | Reached XP level 9. HP: 90/92 MP: 9/11
  5688 | D:7      | Reached skill level 12 in Unarmed Combat
  5819 | D:7      | Reached **** piety under Cheibriados
  5842 | D:7      | Reached skill level 13 in Unarmed Combat
  5958 | D:7      | Reached skill level 5 in Invocations
  6050 | D:7      | Found a staircase to the Ecumenical Temple.
  6656 | D:8      | Reached skill level 14 in Unarmed Combat
  6727 | D:8      | Noticed Maggie
  6738 | D:8      | Reached XP level 10. HP: 73/102 MP: 8/13
  6740 | D:8      | Reached ***** piety under Cheibriados
  6747 | D:8      | Killed Maggie
  6833 | D:8      | Found the necklace of Bloodlust {*Rage Will++ Int-3 Slay+6}
  7437 | D:9      | Found a staircase to the Lair.
  7518 | D:9      | Reached skill level 15 in Unarmed Combat
  7733 | D:9      | Noticed a molten gargoyle
  7737 | D:9      | Killed a molten gargoyle
  7778 | D:9      | Noticed a molten gargoyle
  7786 | D:9      | Noticed a molten gargoyle
  7791 | D:9      | Killed a molten gargoyle
  7846 | D:9      | Noticed a molten gargoyle
  7850 | D:9      | Killed a molten gargoyle
  7856 | D:9      | Killed a molten gargoyle
  7857 | D:9      | Reached XP level 11. HP: 40/113 MP: 4/15
  8029 | D:9      | Paralysed by a hornet for 2 turns
  8166 | D:10     | Entered Level 10 of the Dungeon
  8193 | D:10     | Found a staircase to the Orcish Mines.
  8461 | D:10     | Noticed Lodul
  8466 | D:10     | Noticed Sonja
  8470 | D:10     | Killed Lodul
  8473 | D:10     | Reached ****** piety under Cheibriados
  8473 | D:10     | HP: 5/169 [ogre/+0 giant club[Lodul] (15)]
  8475 | D:10     | Demolished by an ogre

Illustrated notes

Levels and vault maps discovered:
D:1:      dpeg_arrival_pond, layout_basic, ebering_ecumenical_altar_hall,
          serial_forest, infiniplex_forest_split,
          infiniplex_forest_clump_curved, infiniplex_forest_clump_large,
          infiniplex_forest_lined_3_way, infiniplex_forest_clump_small,
          infiniplex_forest_diagonal, infiniplex_forest_corner_1,
          infiniplex_forest_corner_2, infiniplex_forest_straight_4
D:2:      layout_loops_ring, minmay_randomly_rotated_circles, uniq_robin,
          uniq_natasha, uniq_jessica
D:3:      layout_rooms, overflow_temple_1_default, kennysheep_slug_shrine,
          serial_glass, glass_columns_c, glass_columns_a, uniq_ijyb
D:4:      layout_basic, guppyfry_early_lair_pool, uniq_blork_the_orc
D:5:      kennysheep_steamy, layout_layer_cave, mainiacjoe_overflow_chevrons,
          minivault_1
D:6:      layout_loops_ring, nicolae_uskayaw_murder_on_the_dancefloor,
          chequers_serial_rivers_micro_b, nicolae_shop_firing_range,
          uniq_sigmund
D:7:      layout_loops_cross, minmay_temple_entry_stoned_glass, the_hattery
D:8:      layout_basic, nicolae_grassy_gnolls, uniq_maggie
D:9:      layout_roguey, due_lair_maze_entry_diamond, minivault_8
D:10:     layout_grid_maze, xom_redecorated, minmay_orc_entry_temple_small,
          uniq_sonja, uniq_lodul

Skill      XL: |  1  2  3  4  5  6  7  8  9 10 |
---------------+-------------------------------+-----
Fighting       | 3 4 5 6 7 8 |  8.6
Unarmed Combat | 3 5 7 9 11 14 15 | 15.6
Invocations    | 2 4 5 7 |  7.3
Dodging        | |  2.4
Shields        | |  2.6

Action                   |  1- 3 |  4- 6 |  7- 9 | 10-12 || total
-------------------------+-------+-------+-------+-------++-------
Melee: Unarmed           |    65 |   227 |   267 |   168 ||   727
Throw: Javelin           |       |       |     5 |     2 ||     7
       Throwing net      |       |       |     1 |       ||     1
Invok: Bend Time         |       |       |     1 |       ||     1
Evoke: Wand              |       |     3 |     3 |     2 ||     8
  Use: Potion            |       |    11 |     3 |     1 ||    15
       Scroll            |       |    13 |     7 |     5 ||    25
Armor: Robe              |    20 |    67 |    57 |    32 ||   176
       Troll leather arm |       |       |       |     3 ||     3
Dodge: Dodged            |    20 |    89 |    87 |    64 ||   260
Block: Kite shield       |    21 |   110 |   122 |    91 ||   344

Table legend: (Time is in decaauts)
 A = Elapsed time spent in this place.
 B = Non-inter-level travel time spent in this place.
 C = Inter-level travel time spent in this place.
 D = Time resting spent in this place.
 E = Time spent auto-exploring this place.
 F = Levels seen in this place.
 G = Mean time per level.
                   A        B        C        D        E       F      G
               +--------+--------+--------+--------+--------+-----+--------+
         Total |  11341 |  10841 |    500 |    788 |   8234 |  10 | 1134.1 |
       Dungeon |  11341 |  10841 |    500 |    788 |   8234 |  10 | 1134.1 |
               +--------+--------+--------+--------+--------+-----+--------+

Top non-repeatable levels by time:
     D:5: 2155 daAuts
     D:9: 1448 daAuts
     D:7: 1296 daAuts
     D:8: 1248 daAuts
     D:6: 1194 daAuts
     D:4: 1039 daAuts
     D:3: 1001 daAuts
     D:2: 798 daAuts
     D:1: 656 daAuts
    D:10: 501 daAuts
